 Dungeon Crawl Stone Soup version 0.31-a0-167-g1c394c0614 (webtiles) character file.

Game seed: 14422364838440257746

377 qw the Shooter (level 6, -2/56 HPs)
             Began as a Naga Hunter on June 14, 2023.
             Succumbed to a water moccasin's poison
             ... on level 4 of the Dungeon.
             The game lasted 00:01:11 (2986 turns).

qw the Shooter (Naga Hunter)                        Turns: 2986, Time: 00:01:11

Health: -2/56      AC:  5    Str: 19    XL:     6   Next: 73%
Magic:  6/6        EV: 10    Int:  9    God:
Gold:   289        SH:  5    Dex: 17    Spells: 5/5 levels left

rFire   + . .        Y - +0 shortbow
rCold   . . .        (shield currently unavailable)
rNeg    . . .        c - +0 leather armour
rPois   +            (no helmet)
rElec   .            (no cloak)
rCorr   .            l - +1 pair of gloves
SInv    +            (no barding)
Will    .....        h - amulet of reflection
Stlth   ++           n - ring of protection from fire
HPRegen 0.29/turn    a - +6 ring of strength
MPRegen 0.10/turn

%: reflection
@: lethally poisoned (-2 -> -17), short of breath, very slow
A: AC +2, large, see invisible, deformed body, poison resistance, slowness 2,
spit poison 1, naga tail 1
a: Spit Poison


You were on level 4 of the Dungeon.
You visited 1 branch of the dungeon, and saw 5 of its levels.

You collected 289 gold pieces.


Innate Abilities, Weirdness & Mutations

Your serpentine skin is tough. (AC +2)
You have supernaturally acute eyesight. (SInv)
Armour fits poorly on your strangely shaped body.
Your system is resistant to poisons. (rPois)
You cover ground very slowly.
You can spit poison.
You have a snake-like lower body.


   Skills:
 + Level 3.6 Fighting
 - Level 6.0 Ranged Weapons
 - Level 2.6 Dodging
 - Level 1.5 Stealth


You had 5 spell levels left.
You didn't know any spells.
Your spell library was empty.

Inventory:

Hand Weapons
 Y - a +0 shortbow (weapon)
Armour
 c - a +0 leather armour (worn)
 l - a +1 pair of gloves (worn)
Jewellery
 a - a +6 ring of strength (right hand)
 h - an amulet of reflection (around neck)
 n - a ring of protection from fire (left hand)
Potions
 b - a potion of curing
 d - a potion of mutation {unknown}
 e - a potion of haste {unknown}
 f - a potion of enlightenment {unknown}
 g - a potion of ambrosia {unknown}
 j - a potion of invisibility {unknown}
 m - a potion of brilliance {unknown}
 p - a potion of lignification {unknown}
 q - a potion of magic {unknown}

Dungeon Overview and Level Annotations

Branches:
Dungeon (5/15)
 Temple: D:4-7

Altars:
Kikubaaqudgha
Nemelex Xobeh
Trog


Message History

The ufetubus hits you but does no damage.
The ufetubus hits you. You block the water moccasin's attack.
The ufetubus hits you. You block the ufetubus's attack.
You shoot an arrow.
The arrow hits the water moccasin but does no damage.
The water moccasin is lightly wounded.
You feel very sick.
The ufetubus hits you but does no damage.
The ufetubus hits you. The water moccasin bites you. The ufetubus hits you. x2
The water moccasin bites you.
You shoot an arrow.
The arrow closely misses the water moccasin.
You feel sick. The ufetubus closely misses you. The ufetubus barely misses you.
The water moccasin closely misses you.
You shoot an arrow. The arrow misses the water moccasin.
You have got your breath back.
You feel sick. The ufetubus hits you.
The ufetubus hits you but does no damage.
The water moccasin bites you. You block the ufetubus's attack. x2
The water moccasin bites you but does no damage.
2983 ||| INVOKING Spit Poison.
Aiming: Spit Poison (1% risk of failure)
Press: ? - help, Shift-Dir - straight line, f - ufetubus, p - water moccasin The splash of poison hits the ufetubus.
The ufetubus is poisoned.
The ufetubus is almost dead.
You feel sick.
The ufetubus hits you but does no damage.
You block the ufetubus's attack. The water moccasin bites you.
The ufetubus hits you but does no damage. x2
You shoot an arrow. The arrow misses the ufetubus.
You feel sick.
You kill the ufetubus!
The water moccasin barely misses you. The water moccasin closely misses you.
You shoot an arrow.
The arrow barely misses the water moccasin.
You feel sick. The water moccasin bites you.
You are more poisoned.
The water moccasin poisons you!
You shoot an arrow. The arrow misses the water moccasin.
You die...

####...#######.#####......#
..##...##......######.....#
........#......#...##.....#
........'...).............#
........#.................#
..##...##..)..##..........#
..##...##.....##...##.....#
.......#...........##.....#
.......#.......S@...#.....#
.......#......##...##.....#
.......#......##...##.....#
.......#.......#...##.....#
..##...##.....##...##.....#
..##############..........#
...# #..........# ...#
#........?.# ...#
#..........#


You could see a water moccasin.

Vanquished Creatures
  A black bear (D:4)
  An ogre (D:4)
  An iguana (D:5)
  4 gnolls (D:2)
  7 adders
  An ufetubus (D:4)
  8 endoplasms
  3 giant cockroaches
  7 hobgoblins
  3 jackals (D:1)
  3 quokkas
  5 ball pythons
  7 bats
  3 frilled lizards
  12 goblins
  4 kobolds
  7 rats
77 creatures vanquished.

Notes
Turn   | Place    | Note
-------+----------+-------------------------------------------
     0 | D:1      | qw the Naga Hunter began the quest for the Orb.
     0 | D:1      | Reached XP level 1. HP: 19/19 MP: 1/1
     0 | D:1      | 0 ||| qw: Version: 0.2-a-29-g1fa15c8
     0 | D:1      | 0 ||| qw: Game counter: 4946
     0 | D:1      | 0 ||| qw: Always use a shield: true
     0 | D:1      | 0 ||| qw: God list: Okawaru
     0 | D:1      | 0 ||| qw: Allow faded altars: false
     0 | D:1      | 0 ||| qw: Do Orc after D:15 true
     0 | D:1      | 0 ||| qw: Do second Lair branch before Depths: true
     0 | D:1      | 0 ||| qw: Lair rune preference: random
     0 | D:1      | 0 ||| qw: Plans: Normal
     0 | D:1      | 0 ||| PLANNING D:1-11
   105 | D:1      | 105 ||| INVOKING Spit Poison.
   152 | D:1      | 152 ||| INVOKING Spit Poison.
   158 | D:1      | 158 ||| INVOKING Spit Poison.
   160 | D:1      | Reached skill level 4 in Ranged Weapons
   160 | D:1      | Reached XP level 2. HP: 18/26 MP: 2/2
   165 | D:1      | 165 ||| INVOKING Spit Poison.
   170 | D:1      | 170 ||| INVOKING Spit Poison.
   219 | D:1      | 219 ||| INVOKING Spit Poison.
   313 | D:1      | 313 ||| INVOKING Spit Poison.
   320 | D:1      | 320 ||| INVOKING Spit Poison.
   366 | D:1      | 366 ||| INVOKING Spit Poison.
   393 | D:1      | 393 ||| INVOKING Spit Poison.
   507 | D:1      | 507 ||| INVOKING Spit Poison.
   593 | D:1      | 593 ||| INVOKING Spit Poison.
   663 | D:1      | 663 ||| INVOKING Spit Poison.
   667 | D:1      | 667 ||| INVOKING Spit Poison.
   673 | D:1      | 673 ||| INVOKING Spit Poison.
   676 | D:1      | 676 ||| INVOKING Spit Poison.
   955 | D:1      | 955 ||| UPGRADING to +0 pair of gloves.
   960 | D:1      | 960 ||| UPGRADING to amulet of reflection.
   965 | D:1      | 965 ||| UPGRADING to ring of protection from fire.
   966 | D:1      | 966 ||| READING scroll labelled ACYSES OPEM.
  1067 | D:1      | 1067 ||| READING scroll labelled ETHRIQ UCSA.
  1068 | D:1      | 1068 ||| DROPPING scroll of butterflies.
  1115 | D:2      | 1115 ||| INVOKING Spit Poison.
  1119 | D:2      | 1119 ||| INVOKING Spit Poison.
  1120 | D:2      | Reached XP level 3. HP: 29/32 MP: 3/3
  1123 | D:2      | 1123 ||| INVOKING Spit Poison.
  1126 | D:2      | 1126 ||| INVOKING Spit Poison.
  1126 | D:2      | HP: 7/32 [ball python (2)]
  1129 | D:2      | HP: 3/32 [goblin/+0 club (1)]
  1129 | D:2      | HP: 1/32 [goblin/+0 club (2)]
  1264 | D:2      | 1264 ||| INVOKING Spit Poison.
  1268 | D:2      | 1268 ||| INVOKING Spit Poison.
  1274 | D:2      | 1274 ||| INVOKING Spit Poison.
  1280 | D:2      | 1280 ||| INVOKING Spit Poison.
  1283 | D:2      | 1283 ||| INVOKING Spit Poison.
  1284 | D:2      | Reached skill level 5 in Ranged Weapons
  1284 | D:2      | Reached XP level 4. HP: 39/39 MP: 4/4
  1287 | D:2      | 1287 ||| INVOKING Spit Poison.
  1291 | D:2      | 1291 ||| INVOKING Spit Poison.
  1377 | D:2      | 1377 ||| INVOKING Spit Poison.
  1381 | D:2      | 1381 ||| INVOKING Spit Poison.
  1403 | D:2      | 1403 ||| INVOKING Spit Poison.
  1408 | D:2      | 1408 ||| INVOKING Spit Poison.
  1412 | D:2      | 1412 ||| INVOKING Spit Poison.
  1462 | D:2      | 1462 ||| INVOKING Spit Poison.
  1474 | D:2      | 1474 ||| READING scroll of enchant armour.
  1474 | D:2      | 1474 ||| ENCHANTING +0 pair of gloves.
  1493 | D:2      | 1493 ||| UPGRADING to +6 ring of strength.
  1494 | D:2      | 1494 ||| READING scroll labelled ZUISUZEDETA.
  1495 | D:2      | 1495 ||| INVOKING Spit Poison.
  1510 | D:2      | 1510 ||| INVOKING Spit Poison.
  1528 | D:2      | 1528 ||| INVOKING Spit Poison.
  1580 | D:2      | 1580 ||| INVOKING Spit Poison.
  1584 | D:2      | 1584 ||| INVOKING Spit Poison.
  1585 | D:2      | Reached skill level 3 in Fighting
  1623 | D:2      | 1623 ||| INVOKING Spit Poison.
  1639 | D:2      | 1639 ||| INVOKING Spit Poison.
  1643 | D:2      | 1643 ||| INVOKING Spit Poison.
  1702 | D:2      | 1702 ||| INVOKING Spit Poison.
  1791 | D:2      | Found a faded altar of an unknown god.
  1803 | D:2      | 1803 ||| READING scroll labelled MEACYE SUBBU.
  1809 | D:3      | 1809 ||| INVOKING Spit Poison.
  1813 | D:3      | 1813 ||| INVOKING Spit Poison.
  1853 | D:3      | 1853 ||| INVOKING Spit Poison.
  1868 | D:3      | 1868 ||| INVOKING Spit Poison.
  1939 | D:3      | 1939 ||| INVOKING Spit Poison.
  1945 | D:3      | Reached XP level 5. HP: 49/49 MP: 5/5
  1945 | D:3      | 1945 ||| INVOKING Spit Poison.
  2009 | D:3      | 2009 ||| INVOKING Spit Poison.
  2115 | D:3      | 2115 ||| INVOKING Spit Poison.
  2156 | D:3      | Found a bloodstained altar of Trog.
  2218 | D:3      | 2218 ||| INVOKING Spit Poison.
  2267 | D:3      | 2267 ||| INVOKING Spit Poison.
  2619 | D:3      | 2619 ||| READING scroll labelled YRUISU GOIMY.
  2620 | D:3      | 2620 ||| READING scroll labelled JEWOVOA WAMAXT.
  2621 | D:3      | 2621 ||| READING scroll labelled BISYCE BOGEGE.
  2650 | D:4      | 2650 ||| INVOKING Spit Poison.
  2670 | D:4      | 2670 ||| INVOKING Spit Poison.
  2675 | D:4      | 2675 ||| INVOKING Spit Poison.
  2678 | D:4      | Noticed a black bear
  2683 | D:4      | 2683 ||| INVOKING Spit Poison.
  2687 | D:4      | Killed a black bear
  2688 | D:4      | Reached skill level 6 in Ranged Weapons
  2688 | D:4      | Reached XP level 6. HP: 56/56 MP: 6/6
  2693 | D:4      | 2693 ||| INVOKING Spit Poison.
  2701 | D:4      | 2701 ||| INVOKING Spit Poison.
  2707 | D:4      | 2707 ||| DROPPING +2 sling of draining.
  2725 | D:4      | 2725 ||| INVOKING Spit Poison.
  2731 | D:4      | 2731 ||| INVOKING Spit Poison.
  2736 | D:4      | 2736 ||| INVOKING Spit Poison.
  2750 | D:4      | Found an ancient bone altar of Kikubaaqudgha.
  2751 | D:4      | Found a sparkling altar of Nemelex Xobeh.
  2777 | D:4      | 2777 ||| INVOKING Spit Poison.
  2843 | D:4      | 2843 ||| INVOKING Spit Poison.
  2857 | D:4      | 2857 ||| INVOKING Spit Poison.
  2956 | D:4      | 2956 ||| DROPPING scarf of harm.
  2957 | D:4      | 2957 ||| READING 2 scrolls labelled VEOVOY QAHUILLE.
  2958 | D:4      | 2958 ||| DRINKING 2 metallic black potions.
  2959 | D:4      | 2959 ||| DROPPING scroll of fear.
  2971 | D:5      | Entered Level 5 of the Dungeon
  2971 | D:5      | Noticed a water moccasin
  2972 | D:5      | 2972 ||| PLANNING SEWER
  2972 | D:5      | 2972 ||| INVOKING Spit Poison.
  2973 | D:5      | Noticed a black bear
  2976 | D:5      | 2976 ||| STAIRDANCE
  2978 | D:4      | 2978 ||| INVOKING Spit Poison.
  2981 | D:4      | HP: 13/56 [poisoned by a water moccasin]
  2983 | D:4      | 2983 ||| INVOKING Spit Poison.
  2983 | D:4      | HP: 6/56 [water moccasin (1)]
  2985 | D:4      | HP: 1/56 [water moccasin (3)]
  2986 | D:4      | Succumbed to a water moccasin's poison

Levels and vault maps discovered:
D:1:      erik_arrival_orb_chamber, layout_basic, minmay_misc_feat_hallway,
          dreamdust_wishing_well, minmay_octomino_c4
D:2:      layout_rooms, ebering_ecumenical_altar_hall,
          nicolae_kite_square_tiling_tiny, nicolae_grassy_gnolls
D:3:      kennysheep_the_goblin_king, layout_basic, trog_book,
          chequers_serial_rivers_small_b, st_stairs_13, bh_walls_and_bars
D:4:      layout_gridville, chequers_temple_overflow_statue_of_worship
D:5:      layout_cave_pools, portal_sewer_entry_a

Skill      XL: |  1  2  3  4  5  6 |
---------------+-------------------+-----
Ranged Weapons | 4 5 6 |  6.0
Fighting       | 3 |  3.6
Dodging        | 2 |  2.6
Stealth        | |  1.5

Action                     |  1- 3 |  4- 6 || total
---------------------------+-------+-------++-------
   Fire: Shortbow          |    55 |   109 ||   164
Ability: Spit Poison       |    25 |    42 ||    67
    Use: Scroll            |     2 |     7 ||     9
         Potion            |       |     1 ||     1
 Armour: Leather armour    |     7 |    18 ||    25
  Dodge: Dodged            |    11 |    37 ||    48
  Block: Other             |     3 |    14 ||    17

Table legend:
 A = Non-vault XP
 B = Vault XP
 C = Vault XP percentage of total XP
 D = Non-vault monster count
 E = Vault monster count
 F = Vault count percentage of total count
                 A         B        C        D         E       F
            +---------+---------+-------+---------+---------+-------
      Total |     460 |      79 |  14.7 |      59 |      18 |  23.4
            +---------+---------+-------+---------+---------+-------
        D:1 |      26 |       7 |  21.2 |      15 |       6 |  28.6
        D:2 |      64 |      57 |  47.1 |      20 |       4 |  16.7
        D:3 |      14 |      15 |  51.7 |      10 |       8 |  44.4
        D:4 |     320 |       0 |   0.0 |      13 |       0 |   0.0
        D:5 |      36 |       0 |   0.0 |       1 |       0 |   0.0
            +---------+---------+-------+---------+---------+-------
